 Dungeon Crawl Stone Soup version 0.15-a0-1675-g4580af5 (webtiles) character file.

67 PolkaDot the Insei (level 4, -9/35 HPs)
             Began as a Demonspawn Monk on June 24, 2014.
             Killed by divine providence
             ... invoked by an orc priest
              (16 damage)
             ... on Level 3 of the Dungeon.
             The game lasted 00:03:22 (1706 turns).

PolkaDot the Insei (Demonspawn Monk)                Turns: 1706, Time: 00:03:22

HP  -9/35        AC  5     Str 12      XL: 4   Next:  0%
MP   4/4         EV 13     Int 11      God:
Gold 63          SH  0     Dex 16      Spells:  0 memorised,  3 levels left

rFire  . . .     SeeInvis .       - Unarmed
rCold  . . .     Clarity  .     a - +0 robe
rNeg   . . .     rCorr    .     (no shield)
rPois  .         rRot     .     (no helmet)
rElec  .         Spirit   .     (no cloak)
SustAb .         Warding  .     (no gloves)
rMut   .         Stasis   .     (no boots)
Gourm  .                        g - amulet of rage
MR     .....                    o - ring of flight
                                n - +3 ring of protection

@: not resistant to hostile enchantments, unstealthy
A: talons 1, powered by death 1
a: Evoke Berserk Rage, Evoke Flight


You were on level 3 of the Dungeon.
You were hungry.

You visited 1 branch of the dungeon, and saw 3 of its levels.

You collected 63 gold pieces.

Inventory:

Armour
 a - a +0 robe (worn)
Magical devices
 l - a wand of polymorph (13) {unknown}
Comestibles
 b - 4 bread rations
 j - a meat ration
Scrolls
 d - a scroll of enchant armour {unknown}
 h - a scroll of amnesia {unknown}
 k - a scroll of remove curse {unknown}
 m - a scroll of identify {unknown}
Jewellery
 g - an amulet of rage (around neck)
 n - a +3 ring of protection (left hand)
 o - a ring of flight (right hand)
Potions
 c - 3 potions of curing {unknown}
 e - a potion of agility {unknown}
 f - a potion of haste {unknown}
 i - 2 potions of degeneration {unknown}


   Skills:
 - Level 3.0 Fighting
 - Level 2.6 Dodging
 - Level 1.7 Stealth
 + Level 5.1 Unarmed Combat


You had 3 spell levels left.
You didn't know any spells.

Dungeon Overview and Level Annotations

Branches:
Dungeon (3/15)

Altars:


Innate Abilities, Weirdness & Mutations

You have sharp toenails.
You can steal the life force of nearby defeated enemies.


Message History

An orc priest comes into view. It is wielding a flail.
Adjust (i)tems, (s)pells, or (a)bilities?
Adjust which ability?
No such ability.
Unknown command.
An orc and an orc warrior come into view.
The orc priest prays to Beogh.
You feel troubled.
A kobold comes into view. It is wielding a club.
The orc priest invokes the aid of Beogh against you.
Something smites you!
The hobgoblin shouts!
The orc priest shouts!
The rat barely misses you.
The orc priest calls down the wrath of Beogh upon you.
Something smites you!
* * * LOW HITPOINT WARNING * * *
You closely miss the rat.
The orc priest mumbles some strange prayers to Beogh against you.
Something smites you!
You die...

... #.......
#K.......
#.go......
#ooo......#
#.........#
#.........#
##..r......#
#...@....#
#........#
#........#
#........#
#.......[#
#........# ##
#........#
..##........#
#.#....?....#


You could see an orc warrior, 2 orc priests, an orc (wandering), a hobgoblin, a
kobold (wandering) and a rat.

Vanquished Creatures
  Jessica (D:2)
  An adder (D:2)
  A worm (D:2)
  4 hobgoblins
  8 kobolds
  3 bats
  6 giant newts
  8 goblins
  5 rats
37 creatures vanquished.

Notes
Turn   | Place    | Note
--------------------------------------------------------------
     0 | D:1      | PolkaDot, the Demonspawn Monk, began the quest for the Orb.
     0 | D:1      | Reached XP level 1. HP: 18/18 MP: 1/1
   234 | D:1      | Reached skill level 4 in Unarmed Combat
   268 | D:1      | Gained mutation: You have sharp toenails. [demonic ancestry]
   268 | D:1      | Reached XP level 2. HP: 14/24 MP: 2/2
   399 | D:1      | HP: 1/24 [hobgoblin (3)]
   987 | D:2      | Reached XP level 3. HP: 15/29 MP: 3/3
  1217 | D:2      | Noticed Jessica
  1219 | D:2      | Killed Jessica
  1219 | D:2      | Reached skill level 5 in Unarmed Combat
  1701 | D:3      | Gained mutation: You can steal the life force of nearby defeated enemies. [demonic ancestry]
  1701 | D:3      | Reached XP level 4. HP: 35/35 MP: 4/4
  1703 | D:3      | Noticed an orc warrior
  1706 | D:3      | Killed from afar by an orc priest

Action                   |  1- 3 |  4- 6 || total
-------------------------+-------+-------++-------
Melee: Unarmed           |   118 |     1 ||   119
 Stab: Sleeping          |     1 |       ||     1
